 Dungeon Crawl Stone Soup version 0.21-a0-278-ga722497 (webtiles) character file.

17276 4thArraOfDagon the Severer (level 12, -1/109 HPs)
             Began as a Tengu Berserker on Sept 21, 2017.
             Was the Champion of Trog.
             Slain by an orc knight
             ... wielding a +3 war axe of chopping
              (12 damage)
             ... on level 13 of the Dungeon.
             The game lasted 00:29:59 (5147 turns).

4thArraOfDagon the Severer (Tengu Berserker)        Turns: 5147, Time: 00:30:00

Health: -1/109     AC: 16    Str: 25    XL:     12   Next: 46%
Magic:  13/13      EV: 18    Int: 10    God:    Trog [******]
Gold:   661        SH:  4    Dex: 19    Spells: 11/11 levels left

rFire    + . .     SeeInvis .   z - +4 war axe (freeze)
rCold    + . .     Gourm    .   (no shield)
rNeg     . . .     Faith    .   m - +0 plate armour
rPois    .         Spirit   .   (helmet restricted)
rElec    .         Reflect  .   T - +1 cloak
rCorr    .         Harm     .   D - +0 pair of gloves
MR       ++...                  (boots unavailable)
Stlth    ..........             (no amulet)
HPRegen  1.28/turn              g - ring of protection from fire
MPRegen  0.13/turn              J - ring of stealth

@: agile, berserking, lethally poisoned (-1 -> -1), regenerating, very quick
A: beak, talons 3, large bone plates 1, blurry vision 1, cold resistance 1,
evolution 1, able to fly 1
a: Fly, Berserk, Trog's Hand, Brothers in Arms, Burn Spellbooks, Renounce
Religion


You were on level 13 of the Dungeon.
You worshipped Trog.
Trog was exalted by your worship.
You were not hungry.

You visited 1 branch of the dungeon, and saw 13 of its levels.
You also visited: Sewer and Ossuary.

You collected 661 gold pieces.

Inventory:

Hand Weapons
 z - a +4 war axe of freezing (weapon)
 Q - a +3 antimagic executioner's axe
Missiles
 u - a throwing net (quivered)
Armour
 b - a +0 animal skin
 m - a +0 plate armour (worn)
 D - a +0 pair of gloves (worn)
 T - a +1 cloak (worn)
Jewellery
 g - a ring of protection from fire (left hand)
 q - a +3 ring of intelligence
 J - a ring of stealth (right hand)
Wands
 a - a wand of random effects (30/48)
 s - a wand of lightning (7/15)
 y - a wand of polymorph (3/24)
 L - a wand of confusion (26/48)
 P - a wand of paralysis (13/24)
 U - a wand of digging (15/24)
Scrolls
 f - 4 scrolls of remove curse
 j - 10 scrolls of teleportation
 l - a scroll of magic mapping
 o - 3 scrolls of blinking {unknown}
 v - 2 scrolls of fear {unknown}
 w - 5 scrolls of amnesia
 x - 5 scrolls of enchant weapon {unknown}
 C - 2 scrolls of immolation {unknown}
 E - a scroll of silence {unknown}
 F - a scroll of recharging {unknown}
 I - 6 scrolls of enchant armour {unknown}
 K - a scroll of random uselessness {unknown}
 M - a scroll of torment {unknown}
Potions
 d - 2 potions of agility
 e - a potion of lignification
 i - 5 potions of flight
 p - a potion of brilliance
 r - a potion of magic
 t - 3 potions of cancellation
 A - 5 potions of curing
 G - 5 potions of heal wounds
 H - 2 potions of berserk rage
 S - a potion of might {unknown}
Books
 k - a book of Cantrips

   Spells                             Type                      Level
   a - Confusing Touch                Hexes                        1
   b - Animate Skeleton               Necromancy                   1
   c - Summon Small Mammal            Summoning                    1
   d - Apportation                    Translocation                1
   Trog disapproves of the use of such an item.
 B - a book of Changes

   Spells                             Type                      Level
   a - Beastly Appendage              Transmutation                1
   b - Sticks to Snakes               Transmutation                2
   c - Spider Form                    Transmutation/Poison         3
   d - Ice Form                       Ice/Transmutation            4
   e - Blade Hands                    Transmutation                5
   Trog disapproves of the use of such an item.
 O - the Tome of the Rocks and Air
   (You found it on level 10 of the Dungeon)

   Spells                             Type                      Level
   a - Lightning Bolt                 Conjuration/Air              5
   b - Freezing Cloud                 Conjuration/Ice/Air          6
   c - Shatter                        Earth                        9
   Trog disapproves of the use of such an item.
Miscellaneous
 N - a fan of gales
Comestibles
 c - 6 bread rations
 h - 2 royal jellies
 n - 2 meat rations


   Skills:
 + Level 7.8 Fighting
 * Level 16.5 Axes
 - Level 7.0 Armour
 + Level 9.1 Dodging


You had 11 spell levels left.
You didn't know any spells.

Dungeon Overview and Level Annotations

Branches:
Dungeon (13/15)            Temple (0/1) D:7             Orc (0/2) D:10
 Vaults (0/5) D:13
   Lair: D:8-11

Altars:
Okawaru
Ru
Yredelemnul
The Shining One

Shops:
D:4 %


Innate Abilities, Weirdness & Mutations

You have a beak for a mouth.
You have claws for feet.
You can fly.
You are partially covered in large bone plates. (SH +4)
Scrolls take you a little longer to read.
Your flesh is cold resistant. (rC+)
You evolve.


Message History

You kill the human!
Trog accepts your kill.
You hit the human. You freeze the human.
You feel sick.
Unknown command.
Unknown command.
Unknown command.
Unknown command.
You slash the orc knight! You freeze the orc knight. You claw the orc knight!
You peck the orc knight, but do no damage.
The orc knight is severely wounded.
You hit the human. You freeze the human. You closely miss the centaur warrior.
Your plate armour prevents you from hitting the human.
You closely miss the human. You slash the human! You freeze the human.
You feel sick. The human hits you.
* * * LOW HITPOINT WARNING * * *
The human hits you but does no damage.
The centaur warrior unwields an uncursed longbow.
The centaur warrior closely misses you. The human misses you.
The orc knight hits you with a war axe of chopping!
You die...

.. .#
#.########.#
#..........#
#..........#
#..........#
#..........#
#...cpo....#
#...p@pp...#
#...5Wp....#
.....W.p.....#
.............#
.#.:.........#
##........[.#
#...u......#
...........#


You could see an orc knight, a brown ugly thing, a centaur warrior, 2 hungry
ghosts, 6 humans and a crimson imp.

Vanquished Creatures
  Rupert (D:13)
  Kirke (D:12)
  A centaur warrior (D:13)
  2 two-headed ogres
  An ugly thing (D:10)
  Maurice (D:12)
  Psyche (D:8)
  The ghost of tidbits the Insei, a novice DgTm (Ossuary)
  A troll (D:10)
  Prince Ribbit (D:8)
  A hippogriff (D:12)
  A wyvern (D:9)
  A wraith (D:10)
  3 yaks (D:11)
  A human (shapeshifter) (D:10)
  9 humans (D:13)
  3 hogs (D:12)
  A hungry ghost (D:10)
  3 vampire mosquitoes (D:12)
  2 water moccasins (D:10)
  The ghost of Duskembrace the Sneak, an amateur VSMo (D:3)
  A hornet zombie (D:10)
  10 orc warriors
  3 ice beasts
  2 black bears
  A necrophage (D:10)
  4 sky beasts
  3 phantoms
  3 ogres
  6 centaurs
  A crocodile (D:8)
  2 big kobolds
  9 bullfrogs
  9 scorpions
  A howler monkey (D:6)
  13 wights
  7 crimson imps
  A bullfrog zombie (D:7)
  2 hounds
  2 jellies (D:8)
  A quasit (D:11)
  3 centaur zombies
  10 orc priests
  A centaur skeleton (D:8)
  8 orc wizards
  A bullfrog skeleton (D:6)
  4 iguanas
  6 worker ants
  A merfolk siren (Sewer)
  A merfolk avatar (Sewer)
  2 big kobold zombies (Ossuary)
  A hound zombie (D:10)
  3 mummies (Ossuary)
  A howler monkey skeleton (D:6)
  13 gnolls
  6 scorpion zombies (Ossuary)
  12 adders
  8 river rats
  2 shadow imps
  2 oozes
  3 worms
  8 leopard geckos
  58 orcs
  8 ball pythons
  7 bats
  8 giant cockroaches
  4 gnoll zombies (Ossuary)
  4 goblins
  5 hobgoblins
  8 jackals
  19 kobolds
  7 quokkas
  7 frilled lizards
  A giant cockroach zombie (D:5)
  2 goblin zombies
  3 hobgoblin zombies (Ossuary)
  2 kobold zombies (Ossuary)
  2 orc zombies (Ossuary)
  A quokka skeleton (D:4)
  27 rats
  A rat zombie (D:7)
388 creatures vanquished.

Vanquished Creatures (others)
  A human (D:13)
  A worker ant (D:12)
2 creatures vanquished.

Grand Total: 390 creatures vanquished

Notes
Turn   | Place    | Note
-------+----------+-------------------------------------------
     0 | D:1      | 4thArraOfDagon the Tengu Berserker began the quest for the Orb.
     0 | D:1      | Reached XP level 1. HP: 14/14 MP: 2/2
   175 | D:2      | Reached XP level 2. HP: 5/19 MP: 3/3
   204 | D:2      | Reached skill level 4 in Axes
   204 | D:2      | Reached XP level 3. HP: 23/23 MP: 4/4
   320 | D:2      | Reached ** piety under Trog
   393 | D:3      | Reached XP level 4. HP: 28/28 MP: 5/5
   415 | D:3      | Noticed Duskembrace's ghost (amateur VSMo)
   527 | D:3      | Reached skill level 5 in Axes
   527 | D:3      | Gained mutation: You can fly. [Tengu growth]
   527 | D:3      | Reached XP level 5. HP: 27/32 MP: 6/6
   651 | D:3      | Killed Duskembrace's ghost
   651 | D:3      | Reached XP level 6. HP: 37/37 MP: 7/7
   726 | D:3      | Found a glowing drain.
   731 | Sewer    | Entered a sewer
   781 | Sewer    | 4thArraOfDagon: so laggy
   812 | Sewer    | Reached *** piety under Trog
   831 | Sewer    | p0werm0de: ye a bit
   852 | Sewer    | Reached skill level 6 in Axes
  1201 | D:4      | Reached XP level 7. HP: 41/41 MP: 8/8
  1216 | D:4      | Found Uqiwka's Food Boutique.
  1303 | D:4      | Reached skill level 7 in Axes
  1360 | D:4      | Reached **** piety under Trog
  1415 | D:4      | Noticed a two-headed ogre
  1425 | D:4      | Killed a two-headed ogre
  1425 | D:4      | Reached skill level 10 in Axes
  1425 | D:4      | Reached XP level 8. HP: 7/46 MP: 9/9
  1571 | D:5      | Entered Level 5 of the Dungeon
  1870 | D:5      | Gained mutation: You are dopey. (Int -2) [mutagenic meat]
  1871 | D:5      | Gained mutation: Your spells are a little easier to cast, but a little less powerful. [mutagenic meat]
  1872 | D:5      | Gained mutation: Your magical capacity is low. (-10% MP) [mutagenic meat]
  1873 | D:5      | Gained mutation: Your body sometimes deteriorates upon taking damage. [mutagenic meat]
  1874 | D:5      | Gained mutation: Your body often deteriorates upon taking damage. [mutagenic meat]
  1875 | D:5      | Lost mutation: You are dopey. (Int -2) [mutagenic meat]
  1958 | D:5      | Reached skill level 11 in Axes
  1958 | D:5      | Reached XP level 9. HP: 50/50 MP: 9/9
  2393 | D:6      | Reached skill level 12 in Axes
  2840 | D:7      | Found a sand-covered staircase.
  2851 | Ossuary  | Entered an ossuary
  2868 | Ossuary  | Reached ***** piety under Trog
  2882 | Ossuary  | Reached skill level 13 in Axes
  2961 | Ossuary  | Noticed tidbits's ghost (novice DgTm)
  2972 | Ossuary  | Killed tidbits's ghost
  2974 | Ossuary  | Reached XP level 10. HP: 56/56 MP: 10/10
  3039 | Ossuary  | Reached skill level 5 in Dodging
  3097 | Ossuary  | Received a gift from Trog
  3282 | D:7      | Found an iron altar of Okawaru.
  3320 | D:7      | Found a staircase to the Ecumenical Temple.
  3364 | D:7      | Reached skill level 5 in Armour
  3384 | D:7      | Lost mutation: Your spells are a little easier to cast, but a little less powerful. [mutagenic meat]
  3385 | D:7      | Gained mutation: You are partially covered in iridescent scales. (AC +2) [mutagenic meat]
  3396 | D:7      | Lost mutation: Your magical capacity is low. (-10% MP) [potion of mutation]
  3396 | D:7      | Lost mutation: Your body often deteriorates upon taking damage. [potion of mutation]
  3396 | D:7      | Lost mutation: Your body sometimes deteriorates upon taking damage. [potion of mutation]
  3396 | D:7      | Gained mutation: You are frail. (-10% HP) [potion of mutation]
  3396 | D:7      | Gained mutation: You are partially covered in large bone plates. (SH +4) [potion of mutation]
  3397 | D:7      | Lost mutation: You are frail. (-10% HP) [potion of mutation]
  3397 | D:7      | Lost mutation: You are partially covered in large bone plates. (SH +4) [potion of mutation]
  3397 | D:7      | Lost mutation: You are partially covered in iridescent scales. (AC +2) [potion of mutation]
  3397 | D:7      | Gained mutation: Your flesh is cold resistant. (rC+) [potion of mutation]
  3397 | D:7      | Gained mutation: You are partially covered in large bone plates. (SH +4) [potion of mutation]
  3574 | D:8      | Noticed Psyche
  3576 | D:8      | Noticed Prince Ribbit
  3583 | D:8      | Killed Psyche
  3583 | D:8      | Reached skill level 14 in Axes
  3596 | D:8      | Killed Prince Ribbit
  3705 | D:8      | Found a basalt altar of Yredelemnul.
  3708 | D:8      | Found a glowing golden altar of the Shining One.
  4004 | D:9      | Found a sacrificial altar of Ru.
  4145 | D:9      | Reached skill level 5 in Fighting
  4168 | D:9      | Reached ****** piety under Trog
  4178 | D:9      | Reached XP level 11. HP: 47/63 MP: 12/12
  4354 | D:10     | Entered Level 10 of the Dungeon
  4505 | D:10     | Noticed a cyan ugly thing
  4512 | D:10     | Killed a cyan ugly thing
  4516 | D:10     | Identified the Tome of the Rocks and Air
  4522 | D:10     | Gained mutation: Scrolls take you a little longer to read. [mutagenic meat]
  4523 | D:10     | Gained mutation: You evolve. [mutagenic meat]
  4559 | D:10     | Received a gift from Trog
  4618 | D:10     | Reached skill level 15 in Axes
  4690 | D:10     | Found a staircase to the Orcish Mines.
  4693 | D:10     | Noticed a two-headed ogre
  4699 | D:10     | Killed a two-headed ogre
  5001 | D:12     | Noticed Kirke
  5010 | D:12     | Noticed a lindwurm
  5017 | D:12     | Killed Kirke
  5029 | D:12     | Noticed Maurice
  5074 | D:12     | Killed Maurice
  5074 | D:12     | Reached XP level 12. HP: 67/71 MP: 13/13
  5134 | D:13     | Found a gate to the Vaults.
  5134 | D:13     | Noticed a centaur warrior
  5134 | D:13     | Noticed a centaur warrior
  5134 | D:13     | Noticed Rupert
  5141 | D:13     | Reached skill level 16 in Axes
  5145 | D:13     | Killed a centaur warrior
  5146 | D:13     | Killed Rupert
  5147 | D:13     | Slain by an orc knight

Vault maps used:
D:1:      dpeg_arrival_tiny_c
D:3:      portal_sewer_entry_e
D:4:      serial_shops, shop, minmay_liquid_box
D:5:      first_bread, sigmund_army
D:6:      water_maze_lemuel
D:7:      okawaru_altar_gauntlet_db, minmay_temple_entry_glass, enter_ossuary_4
D:8:      grunt_temple_overflow_holy_war, uniq_prince_ribbit1, uniq_psyche
D:9:      nicolae_ru_great_annihilating_truth, special_room, serial_shops, shop
D:10:     minmay_the_grid_plus, serial_shops, shop
D:11:     lair_entry_dummy, david_nohive_1, uniq_gastronok, uniq_fannar
D:12:     uniq_maurice, uniq_kirke
D:13:     david_vaults_3, enter_bailey_2, serial_shops, shop_statue, basic_altar
Sewer:    sewer_sea
Ossuary:  ossuary_minmay_scorpions

Skill      XL: |  1  2  3  4  5  6  7  8  9 10 11 12 |
---------------+-------------------------------------+-----
Axes           | 4 5 6 10 11 13 14 15 16 | 16.5
Dodging        | 3 4 6 8 9 |  9.1
Armour         | 3 4 6 7 |  7.0
Fighting       | 5 6 7 |  7.8

Action                   |  1- 3 |  4- 6 |  7- 9 | 10-12 || total
-------------------------+-------+-------+-------+-------++-------
Melee: Hand axe          |    47 |   115 |   150 |       ||   312
       Peck              |     8 |    15 |    21 |    65 ||   109
       Kick              |    13 |    40 |    65 |   115 ||   233
       War axe           |       |       |    42 |   413 ||   455
Invok: Berserk           |     4 |     8 |    19 |     9 ||    40
       Trog's Hand       |     1 |     2 |     3 |     7 ||    13
Evoke: Wand              |       |       |       |     1 ||     1
  Use: Potion            |     3 |     1 |     2 |     4 ||    10
       Scroll            |       |     3 |     7 |     7 ||    17
 Stab: Sleeping          |       |     1 |       |       ||     1
       Paralysed         |       |       |       |     3 ||     3
  Eat: Chunk             |     2 |    10 |    28 |    18 ||    58
       Fruit             |       |       |     5 |     7 ||    12
       Royal jelly       |       |       |       |     2 ||     2
Armor: Animal skin       |     5 |    21 |       |       ||    26
       Plate armour      |       |     1 |    81 |   162 ||   244
Dodge: Dodged            |    23 |    72 |    62 |   124 ||   281
Block: Other             |       |       |       |    48 ||    48

Table legend:
 A = Spawn XP
 B = Non-spawn XP
 C = Spawn XP percentage of total XP
 D = Spawn monster count
 E = Non-spawn monster count
 F = Spawn count percentage of total count
 G = Total turns spent on level
                    A         B        C        D         E        F      G
               +---------+---------+-------+---------+---------+-------+---------
         Total |       0 |   24680 |   0.0 |       0 |     389 |   0.0 |  5147
               +---------+---------+-------+---------+---------+-------+---------
           D:1 |       0 |      15 |   0.0 |       0 |       9 |   0.0 |   231
           D:2 |       0 |      52 |   0.0 |       0 |      17 |   0.0 |   151
           D:3 |       0 |     348 |   0.0 |       0 |      36 |   0.0 |   418
           D:4 |       0 |    1434 |   0.0 |       0 |      25 |   0.0 |   376
           D:5 |       0 |     529 |   0.0 |       0 |      15 |   0.0 |   558
           D:6 |       0 |    1421 |   0.0 |       0 |      27 |   0.0 |   695
           D:7 |       0 |     751 |   0.0 |       0 |      20 |   0.0 |   405
           D:8 |       0 |    1991 |   0.0 |       0 |      36 |   0.0 |   333
           D:9 |       0 |    1822 |   0.0 |       0 |      56 |   0.0 |   453
          D:10 |       0 |    4272 |   0.0 |       0 |      36 |   0.0 |   616
          D:11 |       0 |     829 |   0.0 |       0 |       7 |   0.0 |    63
          D:12 |       0 |    4261 |   0.0 |       0 |      22 |   0.0 |   101
          D:13 |       0 |    5686 |   0.0 |       0 |      12 |   0.0 |    13
         Sewer |       0 |     173 |   0.0 |       0 |      39 |   0.0 |   397
       Ossuary |       0 |    1096 |   0.0 |       0 |      32 |   0.0 |   337
               +---------+---------+-------+---------+---------+-------+---------
